 Dungeon Crawl Stone Soup version 0.18.1-5-g4a78601 (webtiles) character file.

102 RepoMan the Grasshopper (level 4, -1/36 HPs)
             Began as a Ghoul Warper on May 12, 2016.
             Killed by divine providence
             ... invoked by an orc priest
              (13 damage)
             ... on level 3 of the Dungeon.
             The game lasted 00:19:13 (1818 turns).

RepoMan the Grasshopper (Ghoul Warper)              Turns: 1818, Time: 00:19:14

Health: -1/36      AC:  6    Str: 13 (14) XL:     4   Next: 77%
Magic:  7/7        EV: 10    Int: 14      God:
Gold:   119        SH:  0    Dex:  8      Spells: 2 memorised, 5 levels left

rFire  . . .     SeeInvis .     a - +0 falchion
rCold  + . .     Gourm    .     o - +1 ring mail
rNeg   + + +     Faith    .     (no shield)
rPois  ∞         Spirit   .     (no helmet)
rElec  .         Dismiss  .     (no cloak)
rCorr  .         Reflect  .     (no gloves)
SustAt +         Harm     .     (no boots)
MR     .....                    (no amulet)
Stlth  ..........               (no ring)
                                u - ring of sustain attributes

@: brilliant, very slightly contaminated, rotting, hasted, very quick, not
resistant to hostile enchantments, extremely unstealthy
A: rotting body, claws 1, carnivore 3, cold resistance 1, negative energy
resistance 3, slow regeneration 1, torment resistance, unbreathing
a: no special abilities


You were on level 3 of the Dungeon.
You were not hungry.

You visited 1 branch of the dungeon, and saw 3 of its levels.

You collected 119 gold pieces.

Inventory:

Hand Weapons
 a - a +0 falchion (weapon)
Missiles
 p - 4 needles of confusion
 q - 8 curare-tipped needles
Armour
 b - a +0 leather armour
 o - a +1 ring mail (worn)
Jewellery
 u - a ring of sustain attributes (left claw)
Scrolls
 g - a scroll of identify
 j - a scroll of magic mapping
 k - 2 scrolls of enchant armour
 m - a scroll of recharging
 s - a scroll of fog {unknown}
Potions
 i - a potion of haste
 x - a potion of curing {unknown}
Books
 c - a book of Spatial Translocations

   Spells                             Type                      Level
   a - Apportation                    Translocation                1
   b - Blink                          Translocation                2
   c - Shroud of Golubria             Charms/Translocation         2
   d - Portal Projectile              Translocation                3
   e - Teleport Other                 Translocation                3
   f - Passage of Golubria            Translocation                4
 w - a book of Flames

   Spells                             Type                      Level
   a - Flame Tongue                   Conjuration/Fire             1
   b - Throw Flame                    Conjuration/Fire             2
   c - Conjure Flame                  Conjuration/Fire             3
   d - Inner Flame                    Hexes/Fire                   3
   e - Sticky Flame                   Conjuration/Fire             4
   f - Fireball                       Conjuration/Fire             5
Comestibles
 f - 4 meat rations
 l - a slice of pizza


   Skills:
 - Level 2.1 Fighting
 * Level 2.6 Long Blades
 - Level 0.8 Throwing
 + Level 1.5 Armour
 + Level 2.3 Dodging
 * Level 2.7 Spellcasting
 - Level 3.0 Translocations


You had 5 spell levels left.
You knew the following spells:

 Your Spells              Type           Power        Failure   Level  Hunger
a - Apportation           Tloc           ###.......   1%          1    #......
b - Blink                 Tloc           N/A          2%          2    ###....


Dungeon Overview and Level Annotations

Branches:
Dungeon (3/15)

Altars:
Elyvilon
Gozag
Makhleb
Pakellas
Qazlal
Vehumet
The Shining One


Innate Abilities, Weirdness & Mutations

Your body is rotting away.
You thrive on raw meat.
You are immune to poison.
You have sharp fingernails.
You are carnivorous and can eat meat at any time.
Your flesh is cold resistant.
You are immune to negative energy.
You regenerate slowly when monsters are visible.
You are immune to unholy pain and torment.
You can survive without breathing.


Message History

The orc priest is heavily wounded.
You closely miss the orc priest.
The orc priest is heavily wounded.
The orc priest mumbles some strange prayers to Beogh against you.
Beogh smites you!
Eat which item? (? for menu, Esc to quit)
Okay, then.
Unknown command.
Unknown command.
Drink which item? (? for menu, Esc to quit)
It was a potion of lignification.
You feel woody for a moment. The orc priest closely misses you.
Drink which item? (? for menu, Esc to quit)
It was a potion of brilliance.
You feel clever all of a sudden.
You closely miss the orc priest.
The orc priest is heavily wounded.
The orc priest calls down the wrath of Beogh upon you.
Beogh smites you!
You die...

...### .#...# .##
.###.###### ..#
.[...÷....# #.#
..........# #.#
...<......# #.#
..........#####.#
.####.##.....##.########
.# #..#(....K..@.......
.# ##..#.....#o########
.# ##.#..(.##..# .#
#...#........# .#
###.#.#####....# .#
#.(.. ....# .# #....#
##.... ##.... o.##. $#


You could see an orc priest and a kobold.

Vanquished Creatures
  Ijyb (D:2)
  3 adders
  A worm (D:2)
  A dart slug (D:1)
  4 giant geckos
  6 bats
  3 giant cockroaches
  A goblin (D:1)
  6 hobgoblins
  A jackal (D:2)
  A ball python (D:1)
  2 giant newts
  3 kobolds (D:1)
  8 rats
41 creatures vanquished.

Notes
Turn   | Place    | Note
--------------------------------------------------------------
     0 | D:1      | RepoMan the Ghoul Warper began the quest for the Orb.
     0 | D:1      | Reached XP level 1. HP: 17/17 MP: 2/2
    21 | D:1      | Reached skill level 1 in Armour
   324 | D:1      | Reached XP level 2. HP: 21/24 MP: 3/3
   329 | D:1      | Learned a level 2 spell: Blink
   640 | D:1      | Reached XP level 3. HP: 25/29 MP: 5/5
   874 | D:2      | Noticed Ijyb
   981 | D:2      | Found a glowing golden altar of the Shining One.
   991 | D:2      | Found a white marble altar of Elyvilon.
   992 | D:2      | Found an oddly glowing altar of Pakellas.
  1027 | D:2      | Found a faded altar to an unknown god.
  1029 | D:2      | Found a stormy altar of Qazlal.
  1031 | D:2      | Found a radiant altar of Vehumet.
  1031 | D:2      | Found an opulent altar of Gozag.
  1033 | D:2      | Found a burning altar of Makhleb.
  1098 | D:2      | Reached skill level 3 in Translocations
  1382 | D:2      | Killed Ijyb
  1382 | D:2      | Reached XP level 4. HP: 20/34 MP: 1/6
  1818 | D:3      | Killed from afar by an orc priest

Skill      XL: |  1  2  3 |
---------------+----------+-----
Armour         | 1 |  1.5
Long Blades    | 2 |  2.6
Dodging        | 2 |  2.3
Spellcasting   | 2 |  2.7
Translocations | 3 |  3.0
Fighting       | |  2.1
Throwing       | |  0.8

Action                   |  1- 3 |  4- 6 || total
-------------------------+-------+-------++-------
Melee: Falchion          |   134 |    93 ||   227
Throw: Tomahawk          |     5 |       ||     5
 Cast: Apportation       |     3 |       ||     3
       Blink             |     3 |       ||     3
  Use: Scroll            |     6 |       ||     6
       Potion            |     3 |     3 ||     6
  Eat: Chunk             |    14 |     7 ||    21
Armor: Leather armour    |     2 |       ||     2
       Ring mail         |    43 |    30 ||    73
Dodge: Dodged            |    65 |    55 ||   120
